 Dungeon Crawl Stone Soup version 0.28-a0-297-g99b01970c5 (webtiles) character file.

Game seed: 11128115540877470790

102 Anathary the Skirmisher (level 4, 0/37 HPs)
             Began as a Demonspawn Berserker on Aug 29, 2021.
             Was a Believer of Trog.
             Frozen to death by an endoplasm (2 damage)
             ... on level 3 of the Dungeon.
             The game lasted 00:06:25 (2077 turns).

Anathary the Skirmisher (Demonspawn Berserker)      Turns: 2077, Time: 00:06:27

Health: 0/37       AC:  2    Str: 18    XL:     4   Next: 49%
Magic:  4/4        EV: 14    Int:  9    God:    Trog [**....]
Gold:   25         SH:  0    Dex: 12    Spells: 3/3 levels left

rFire   . . .      SeeInvis .   e - +1 whip (venom)
rCold   . . .      Faith    .   (no shield)
rNeg    . . .      Spirit   .   b - +0 animal skin
rPois   .          Reflect  .   (no helmet)
rElec   .          Harm     .   (no cloak)
rCorr   .          Rampage  .   (no gloves)
Will    .....                   (no boots)
Stlth   +.........              (no amulet)
HPRegen 0.12/turn               (no ring)
MPRegen 0.09/turn               (no ring)

@: lethally poisoned (0 -> -6)
A: repulsion field 1
a: Renounce Religion, Berserk, Trog's Hand


You were on level 3 of the Dungeon.
You worshipped Trog.
Trog was pleased with you.
You visited 1 branch of the dungeon, and saw 3 of its levels.

You collected 25 gold pieces.

Inventory:

Hand Weapons
 a - a +0 falchion
 e - a +1 whip of venom (weapon)
Armour
 b - a +0 animal skin (worn)
Jewellery
 d - a ring of protection from cold
Scrolls
 c - a scroll of noise {unknown}
 g - 2 scrolls of enchant weapon {unknown}
 h - a scroll of identify {unknown}
 i - a scroll of magic mapping {unknown}
Potions
 f - a potion of heal wounds {unknown}


   Skills:
 + Level 3.8 Fighting
 + Level 3.3 Long Blades
 + Level 1.3 Maces & Flails
 + Level 1.9 Armour
 + Level 2.3 Dodging
 + Level 0.6 Stealth


You had 3 spell levels left.
You didn't know any spells.
Your spell library was empty.

Dungeon Overview and Level Annotations

Branches:
Dungeon (3/15)

Altars:

Shops:
D:2 *


Innate Abilities, Weirdness & Mutations

You are surrounded by a mild repulsion field. (EV +2)


Message History

An adder comes into view.
The adder barely misses you.
You closely miss the adder. The adder bites you. The adder misses you.
You whack the adder!
The adder is poisoned.
The adder is heavily wounded.
The adder barely misses you. x2
The endoplasm freezes you.
You are frozen.
The adder bites you.
You hit the adder.
You kill the adder!
Trog accepts your kill. The adder completely misses you.
The endoplasm barely misses you. The adder closely misses you.
The endoplasm freezes you.
You are frozen.
The adder misses you.
You miss the adder. The adder bites you. The endoplasm barely misses you.
You closely miss the adder. The adder barely misses you.
The endoplasm hits you.
You hit the adder.
The adder is poisoned.
The adder is heavily wounded.
The adder bites you but does no damage. The endoplasm barely misses you.
The adder completely misses you.
You hit the adder.
The adder is severely wounded.
The adder bites you. The endoplasm barely misses you.
You barely miss the adder.
The adder is almost dead.
The adder bites you.
* * * LOW HITPOINT WARNING * * *
You are poisoned.
The adder poisons you! The endoplasm hits you.
* * * LOW HITPOINT WARNING * * *
You closely miss the adder.
The adder is almost dead.
* * * LOW HITPOINT WARNING * * *
You feel sick. The adder bites you.
* * * LOW HITPOINT WARNING * * *
The endoplasm freezes you.
You are frozen.
You die...

#########.# #># ..# #.#
..# #.# ...### #.##
.....
#####..#######...###
.<###.#.................
................J.......
.###...##.#....@.......
##.......#.###S#......
##.......##.# #.# ...##
##........##.# #.# ..#
#............# #.# .#
<.........#### #.# #
###.....#.# #..
####......# #..
.......####


You could see an adder (very poisoned) and an endoplasm.

Vanquished Creatures
  An iguana (D:3)
  A gnoll (D:1)
  2 adders
  3 dart slugs
  3 endoplasms
  2 goblins
  3 hobgoblins
  2 jackals (D:2)
  7 kobolds
  2 quokkas (D:1)
  3 ball pythons (D:1)
  5 bats
  4 frilled lizards
  9 rats
47 creatures vanquished.

Vanquished Creatures (others)
  11 plants (D:2)
  4 toadstools (D:1)
15 creatures vanquished.

Grand Total: 62 creatures vanquished

Notes
Turn   | Place    | Note
-------+----------+-------------------------------------------
     0 | D:1      | Anathary the Demonspawn Berserker began the quest for the
                  | Orb.
     0 | D:1      | Reached XP level 1. HP: 18/18 MP: 1/1
   279 | D:1      | Gained mutation: You are surrounded by a mild repulsion
                  | field. (EV +2) [demonic ancestry]
   279 | D:1      | Reached XP level 2. HP: 24/24 MP: 2/2
   645 | D:1      | Found a faded altar of an unknown god.
   854 | D:1      | Reached XP level 3. HP: 24/29 MP: 3/3
  1404 | D:2      | Reached ** piety under Trog
  1447 | D:2      | Found Qixkikk's Assorted Antiques.
  1842 | D:3      | Reached skill level 1 in Maces & Flails
  1842 | D:3      | Reached XP level 4. HP: 20/37 MP: 4/4
  2077 | D:3      | Frozen to death by an endoplasm

Illustrated notes

Levels and vault maps discovered:
D:1:      ldierk_walled_garden_2, layout_loops_ring,
          ebering_ecumenical_altar_mist, minmay_door_square
D:2:      layout_basic, serial_rivers, chequers_serial_rivers_large_a,
          chequers_serial_rivers_room_a, chequers_serial_rivers_micro_b,
          chequers_serial_rivers_small_a, chequers_serial_rivers_room_a,
          serial_shops, shop, nicolae_shop_window_shopping,
          lexackson_kobold_supper
D:3:      layout_loops_cross, uniq_terence, uniq_jessica

Skill      XL: |  1  2  3 |
---------------+----------+-----
Long Blades    | 3 |  3.3
Dodging        | 2 |  2.3
Maces & Flails | 1 |  1.3
Fighting       | |  3.8
Armour         | |  1.9
Stealth        | |  0.6

Action                   |  1- 3 |  4- 6 || total
-------------------------+-------+-------++-------
Melee: Falchion          |    21 |       ||    21
       Whip              |    92 |    13 ||   105
 Stab: Sleeping          |     2 |       ||     2
Armor: Animal skin       |    21 |     2 ||    23
Dodge: Dodged            |    90 |    20 ||   110

Table legend: (Time is in decaauts)
 A = Elapsed time spent in this place.
 B = Non-inter-level travel time spent in this place.
 C = Inter-level travel time spent in this place.
 D = Time resting spent in this place.
 E = Time spent auto-exploring this place.
 F = Levels seen in this place.
 G = Mean time per level.
                   A        B        C        D        E       F      G
               +--------+--------+--------+--------+--------+-----+--------+
         Total |   2093 |   2076 |     17 |    871 |    379 |   3 |  697.7 |
       Dungeon |   2093 |   2076 |     17 |    871 |    379 |   3 |  697.7 |
               +--------+--------+--------+--------+--------+-----+--------+

Top non-repeatable levels by time:
     D:1: 1085 daAuts
     D:2: 733 daAuts
     D:3: 274 daAuts
